 Dungeon Sprint DCSS version 0.31-a0-18-gea43df2a32 (webtiles) character file.

Game seed: 13672918459627370649

211 sircluck the Cleaver (level 5, 0/84 HPs)
             Began as a Hill Orc Berserker on May 9, 2023.
             Was an Elder of Trog.
             Slain by a wight
             ... wielding a +1 flail
              (8 damage)
             ... in the Dungeon (Sprint IX: "|||||||||||||||||||||||||||||").
             The game lasted 00:00:50 (216 turns).

sircluck the Cleaver (Hill Orc Berserker)            Turns: 216, Time: 00:00:51

Health: 0/84       AC: 10    Str: 22    XL:     5   Next: 88%
Magic:  5/5        EV: 11    Int:  7    God:    Trog [****..]
Gold:   0          SH:  0    Dex: 10    Spells: 4/4 levels left

rFire   . . .        l - +3 war axe (freeze)
rCold   . . .        (no shield)
rNeg    . . .        o - +1 scale mail
rPois   .            (no helmet)
rElec   .            (no cloak)
rCorr   .            n - +0 pair of gloves
SInv    .            m - +0 pair of boots
Will    .....        (no amulet) Stlth
                     (no ring)
HPRegen 0.34/turn    (no ring)
MPRegen 0.09/turn

%: no teleportation
@: berserking, very quick
A: no striking features
a: Renounce Religion, Berserk, Trog's Hand, Brothers in Arms


You were in the Dungeon.
You worshipped Trog.
Trog was greatly pleased with you.
You visited 1 branch

Inventory:

Hand Weapons
 a - a +0 hand axe
 l - a +3 war axe of freezing (weapon)
Armour
 b - a +0 animal skin
 i - a +0 ring mail
 m - a +0 pair of boots (worn)
 n - a +0 pair of gloves (worn)
 o - a +1 scale mail (worn)
Jewellery
 p - a +3 ring of intelligence
 q - a +3 ring of intelligence
Wands
 k - a wand of roots (10)
Scrolls
 h - 2 scrolls of blinking
Potions
 c - 5 potions of curing
 d - 3 potions of heal wounds
 e - a potion of haste
 f - 4 potions of magic
 g - a potion of berserk rage
 j - a potion of invisibility


   Skills:
 + Level 8.7 Fighting
 + Level 10.4 Axes
 + Level 5.2 Armour
 + Level 3.8 Dodging


You had 4 spell levels left.
You didn't know any spells.
Your spell library was empty.

Dungeon Overview and Level Annotations

Branches:
Dungeon (1/1)

Altars:
Cheibriados
Dithmenos
Elyvilon
Fedhas
Gozag
Hepliaklqana
Kikubaaqudgha
Makhleb
Nemelex Xobeh
Okawaru
Qazlal
Ru
Sif Muna
Trog
Uskayaw
Vehumet
Wu Jian
Xom
Yredelemnul
Zin
The Shining One
Beogh
Jiyva
Lugonu


Message History

There is an open door to the Dungeon here.
You miss something. Something hits you. Something bites you.
Something draws strength from your injuries!
You hit something. Something hits you. Something bites you!
Something draws strength from your injuries!
You hit something. Something hits you but does no damage.
Something bites you but does no damage.
You barely miss something. Something hits you but does no damage.
Something bites you.
Something draws strength from your injuries!
A red film seems to cover your vision as you go berserk!
You feel yourself moving faster!
You feel mighty! Something hits you! Something bites you.
Something draws strength from your injuries!
You slash something! You freeze something. Something hits you!
* * * LOW HITPOINT WARNING * * *
Something bites you but does no damage.
You hit something. You freeze something. Something hits you.
* * * LOW HITPOINT WARNING * * *
Something bites you!
* * * LOW HITPOINT WARNING * * *
Something draws strength from your injuries!
You slash something! You freeze something. Trog accepts your kill.
Trog appreciates your killing of a magic user.
You can now call in reinforcements.
Reactivating autopickup.
You feel a bit more experienced.
Your Fighting skill gained 2 levels and is now at level 8!
Your Axes skill gained 3 levels and is now at level 10!
Your Armour skill gained 2 levels and is now at level 5!
Your Dodging skill increases to level 3!
You have reached level 5!
You feel stronger. The wight hits you with a +1 flail.
* * * LOW HITPOINT WARNING * * *
You slash the wight! You freeze the wight.
The wight is severely damaged.
The wight hits you with a +1 flail!
You die...

▓+▓
▓Y▓
▓D▓
▓O▓
▓T▓
▓z▓
▓@▓
▓'▓
▓.▓
▓.▓
▓.▓
▓.▓
▓.▓
▓.▓
▓)▓


You could see a two-headed ogre, a yak, a troll, an acid dragon and a wight.

Vanquished Creatures
  A vampire (D)
  A hound (D)
  An iguana (D)
  3 orcs (D)
  2 endoplasms (D)
  A goblin (D)
  A hobgoblin (D)
  A kobold (D)
11 creatures vanquished.

Notes
Turn   | Place    | Note
-------+----------+-------------------------------------------
     0 | D        | sircluck the Hill Orc Berserker began the quest for the
                  | Orb.
     0 | D        | Reached XP level 1. HP: 19/19 MP: 1/1
     8 | D        | Reached ** piety under Trog
    12 | D        | Reached skill level 5 in Axes
    13 | D        | Reached XP level 2. HP: 23/28 MP: 2/2
    52 | D        | Reached *** piety under Trog
    61 | D        | Reached skill level 5 in Fighting
    61 | D        | Reached skill level 6 in Axes
    61 | D        | Reached XP level 3. HP: 28/37 MP: 3/3
    74 | D        | Reached skill level 7 in Axes
    74 | D        | Reached XP level 4. HP: 6/45 MP: 4/4
    96 | D        | Found a roughly hewn altar of Beogh.
    96 | D        | Found a snail-covered altar of Cheibriados.
    96 | D        | Found a shadowy altar of Dithmenos.
    96 | D        | Found a white marble altar of Elyvilon.
    96 | D        | Found a blossoming altar of Fedhas.
    96 | D        | Found an opulent altar of Gozag.
    97 | D        | Found a hazy altar of Hepliaklqana.
    98 | D        | Found a viscous altar of Jiyva.
    99 | D        | Found an ancient bone altar of Kikubaaqudgha.
   100 | D        | Found a corrupted altar of Lugonu.
   101 | D        | Found a burning altar of Makhleb.
   102 | D        | Found a sparkling altar of Nemelex Xobeh.
   103 | D        | Found an iron altar of Okawaru.
   104 | D        | Found a stormy altar of Qazlal.
   105 | D        | Found a sacrificial altar of Ru.
   106 | D        | Found a shimmering blue altar of Sif Muna.
   107 | D        | Found a bloodstained altar of Trog.
   108 | D        | Found a hide-covered altar of Uskayaw.
   109 | D        | Found a radiant altar of Vehumet.
   110 | D        | Found an ornate altar of the Wu Jian Council.
   111 | D        | Found a shimmering altar of Xom.
   112 | D        | Found a basalt altar of Yredelemnul.
   113 | D        | Found a glowing silver altar of Zin.
   114 | D        | Found a glowing golden altar of the Shining One.
   205 | D        | Noticed a yak
   205 | D        | Noticed an acid dragon
   205 | D        | Noticed a two-headed ogre
   205 | D        | Noticed a troll
   205 | D        | Noticed a vampire
   214 | D        | Killed a vampire
   214 | D        | Reached **** piety under Trog
   215 | D        | Reached skill level 10 in Axes
   215 | D        | Reached skill level 5 in Armour
   215 | D        | Reached XP level 5. HP: 9/56 MP: 5/5
   216 | D        | Slain by a wight

Illustrated notes

Levels and vault maps discovered:
D:        linesprint [early_d, line_temple, items_1, d_10, items_2, lair_1,
          lair_end, items_3, orc_1, orc_end, items_4, d_15, swamp_1, shoals_1,
          snake_1, spider_1, d_20, vaults_1, items_5, swamp_end, shoals_end,
          snake_end, spider_end, vaults_end, d_27, items_6, zot_1, zot_end,
          crypt_end, forest_end, elf_end, slime_end, tomb_end, abyss_end,
          pan_hell_end]

Skill      XL: |  1  2  3  4 |
---------------+-------------+-----
Fighting       | 4 5 6 8 |  8.7
Axes           | 5 6 7 10 | 10.4
Armour         | 3 5 |  5.2
Dodging        | 2 3 |  3.8

Action                     |  1- 3 |  4- 6 || total
---------------------------+-------+-------++-------
  Melee: Hand axe          |    40 |       ||    40
         War axe           |       |     8 ||     8
 Invoke: Berserk           |     1 |     1 ||     2
 Armour: Animal skin       |     2 |       ||     2
         Scale mail        |       |     5 ||     5
  Dodge: Dodged            |    20 |       ||    20

Table legend: (Time is in decaauts)
 A = Elapsed time spent in this place.
 B = Non-inter-level travel time spent in this place.
 C = Inter-level travel time spent in this place.
 D = Time resting spent in this place.
 E = Time spent auto-exploring this place.
 F = Levels seen in this place.
 G = Mean time per level.
                   A        B        C        D        E       F      G
               +--------+--------+--------+--------+--------+-----+--------+
         Total |    227 |    227 |      0 |     40 |     29 |   1 |  227.0 |
       Dungeon |    227 |    227 |      0 |     40 |     29 |   1 |  227.0 |
               +--------+--------+--------+--------+--------+-----+--------+

Top non-repeatable levels by time:
       D: 227 daAuts
